 Dungeon Crawl Stone Soup version 0.25-b1-23-ge2ad7d536c (webtiles) character file.

Game seed: 767698911084918390, levelgen mode: deterministic

163 diana the Shield-Bearer (level 5, -6/41 HPs)
             Began as a Demonspawn Fighter on June 3, 2020.
             Was an Initiate of Gozag.
             Mangled by a small abomination (12 damage)
             ... on level 1 of the Abyss.
             The game lasted 00:04:32 (3373 turns).

diana the Shield-Bearer (Demonspawn Fighter)        Turns: 3373, Time: 00:04:32

Health: -6/41      AC: 22    Str: 17    XL:     5   Next: 20%
Magic:  5/5        EV:  3    Int:  9    God:    Gozag
Gold:   253        SH:  9    Dex: 13    Spells: 4/4 levels left

rFire    + . .     SeeInvis .   a - +0 long sword
rCold    . . .     Gourm    .   c - +0 kite shield
rNeg     . . .     Faith    .   d - +5 plate armour of the Beggar {MR+}
rPois    .         Spirit   .   (no helmet)
rElec    .         Reflect  .   (no cloak)
rCorr    .         Harm     .   (no gloves)
MR       +....                  (no boots)
Stlth    ..........             (no amulet)
HPRegen  0.13/turn              (no ring)
MPRegen  0.09/turn              (no ring)

@: about to teleport, sanguine armour
A: fire resistance 1, flame cloud immunity, sanguine armour 1
a: Potion Petition, Call Merchant, Bribe Branch, Renounce Religion


You were on level 1 of the Abyss.
You worshipped Gozag.
Gozag was aware of your devotion.
You were not hungry.

You visited 1 branch of the dungeon, and saw 3 of its levels.
You visited the Abyss 1 time.

You collected 271 gold pieces.
You paid 18 gold pieces to Gozag.

Inventory:

Hand Weapons
 a - a +0 long sword (weapon)
Armour
 b - a +0 scale mail
 c - a +0 kite shield (worn)
 d - the +5 plate armour of the Beggar (worn) {MR+}
   (You found it on level 1 of the Abyss)

   It affects your resistance to hostile enchantments.
Scrolls
 e - 2 scrolls of remove curse
 h - 2 scrolls of amnesia
 i - a scroll of enchant armour {unknown}
 j - a scroll of fear {unknown}
 m - 2 scrolls of teleportation
 n - a scroll of immolation {unknown}
Potions
 l - a potion of curing
 o - a potion of degeneration
 p - a potion of flight {unknown}
 q - a potion of berserk rage {unknown}
Comestibles
 f - 8 rations


   Skills:
 - Level 3.0 Fighting
 + Level 3.1 Long Blades
 - Level 2.6 Armour
 * Level 4.7 Shields


You had 4 spell levels left.
You didn't know any spells.
Your spell library was empty.

Dungeon Overview and Level Annotations

Branches:
Dungeon (3/15)

Altars:
Gozag

Annotations:
D:3 Sigmund


Innate Abilities, Weirdness & Mutations

Your flesh is heat resistant. (rF+)
You are immune to clouds of flame.
When seriously injured, your bleeding wounds create armour. (AC +6)


Message History

The small abomination hits you but does no damage.
As you read the scroll of teleportation, it crumbles to dust.
You feel strangely unstable.
You feel the power of the Abyss delaying your translocation!
The small abomination hits you.
You hit the small abomination.
The small abomination is moderately damaged.
The small abomination hits you.
* * * LOW HITPOINT WARNING * * *
The small abomination hits you.
* * * LOW HITPOINT WARNING * * *
Your shield and plate armour of the Beggar prevent you from hitting the small abomination.
The small abomination is moderately damaged.
You block the small abomination's attack. x2
Unknown command.
The small abomination barely misses you.
You see here 3 silver boomerangs.
The small abomination hits you!
You die...
Your body crumbles into a pile of gold.

# # ## .. # ##..
#. ..# .. # #§.#
#### ..# #. ..
#....### # ##.###
## #.
#.#..#########
.#...
.....#..(x#...#
#.
##.......#.##@.#
...
#..###..#....##
.. .#§..#. ##..##
#.#.#.#.####...##
.##. ..... ###.#
.. ..# .# ...# .
. . #. ..## # .##
. #.# # #.. .#


You could see a small abomination.

Vanquished Creatures
  Natasha (D:2)
  5 adders
  3 worms (D:2)
  A dart slug (D:2)
  3 leopard geckos
  An orc (D:3)
  11 bats
  3 giant cockroaches
  6 hobgoblins
  11 jackals
  9 kobolds
  A frilled lizard (D:1)
  10 goblins
  10 rats
75 creatures vanquished.

Notes
Turn   | Place    | Note
-------+----------+-------------------------------------------
     0 | D:1      | diana the Demonspawn Fighter began the quest for the Orb.
     0 | D:1      | Reached XP level 1. HP: 18/18 MP: 1/1
   235 | D:1      | Reached skill level 3 in Shields
   237 | D:1      | Gained mutation: When seriously injured, your bleeding
                  | wounds create armour. (AC +6) [demonic ancestry]
   237 | D:1      | Reached XP level 2. HP: 23/24 MP: 2/2
   816 | D:1      | Gained mutation: Your flesh is heat resistant. (rF+)
                  | [demonic ancestry]
   816 | D:1      | Reached XP level 3. HP: 29/29 MP: 3/3
  1265 | D:2      | Found an opulent altar of Gozag.
  1287 | D:2      | Became a worshipper of Gozag Ym Sagoz the Greedy
  1598 | D:2      | Reached skill level 4 in Shields
  1598 | D:2      | Reached XP level 4. HP: 35/35 MP: 4/4
  1639 | D:2      | Noticed Natasha
  1648 | D:2      | Killed Natasha
  1854 | D:2      | You fall into a shaft and drop 1 floor!
  2260 | D:2      | Gained mutation: You are immune to clouds of flame.
                  | [demonic ancestry]
  2260 | D:2      | Reached XP level 5. HP: 34/41 MP: 5/5
  2888 | D:3      | Found a faded altar of an unknown god.
  2896 | D:3      | Noticed Sigmund
  3239 | D:3      | Cast into level 1 of the Abyss (Sigmund)
  3239 | Abyss:1  | Found a corrupted altar of Lugonu.
  3242 | Abyss:1  | Got a masterwork plate armour
  3253 | Abyss:1  | Identified the +5 plate armour of the Beggar {MR+} (You
                  | found it on level 1 of the Abyss)
  3259 | Abyss:1  | Noticed a chaos spawn
  3373 | Abyss:1  | Mangled by a small abomination

Illustrated notes

Levels and vault maps discovered:
D:1:      onia_arrival_pyramid, layout_basic, serial_forest,
          infiniplex_forest_lined_corner, infiniplex_forest_zigzag_1,
          infiniplex_forest_clump_curved, infiniplex_forest_clump_C,
          infiniplex_forest_clump_curved, infiniplex_forest_clump_tiny,
          infiniplex_forest_lined_2, infiniplex_forest_zigzag_2
D:2:      minmay_kobold_bridge, layout_loops_corners, first_ration,
          grunt_gozag_statues, uniq_natasha
D:3:      layout_loops_cross, chequers_ecumenical_altar_twisty, uniq_sigmund,
          uniq_grinder
Abyss:1:  base: D:1, hangedman_summoners_spam

Skill      XL: |  1  2  3  4 |
---------------+-------------+-----
Long Blades    | 2 3 |  3.1
Shields        | 3 4 |  4.7
Fighting       | |  3.0
Armour         | |  2.6

Action                   |  1- 3 |  4- 6 || total
-------------------------+-------+-------++-------
Melee: Long sword        |   127 |   139 ||   266
  Use: Scroll            |       |     5 ||     5
       Potion            |       |     4 ||     4
  Eat: Chunk             |     2 |       ||     2
       Ration            |       |     2 ||     2
Armor: Scale mail        |    84 |    62 ||   146
       Plate armour      |       |    13 ||    13
Dodge: Dodged            |    36 |    40 ||    76
Block: Kite shield       |    80 |    89 ||   169
       Rpst.: Long sword |    13 |    17 ||    30
